 Dungeon Crawl Stone Soup version 0.30.0-5-g1a98f26d00 (webtiles) character file.

Game seed: 8297005285457751739

674 ChrisAssaf the Chiller (level 7, 0/50 HPs)
             Began as a Demonspawn Ice Elementalist on May 12, 2023.
             Slain by an ice beast (11 damage)
             ... on level 5 of the Dungeon.
             The game lasted 00:10:48 (2227 turns).

ChrisAssaf the Chiller (DsIE)                       Turns: 2227, Time: 00:10:48

Health: 0/50       AC:  3    Str: 10    XL:     7   Next: 33%
Magic:  11/12      EV: 12    Int: 17    God:
Gold:   13         SH:  0    Dex: 13    Spells: 4/13 levels left

rFire   . . .        b - +4 short sword (elec)
rCold   . . .        (no shield)
rNeg    . . .        a - +1 robe
rPois   .            (helmet restricted)
rElec   .            (no cloak)
rCorr   .            (no gloves)
SInv    .            (no boots)
Will    .....        c - amulet of the acrobat
Stlth   ++           (no ring)
HPRegen 0.28/turn    (no ring)
MPRegen 0.26/turn

%: acrobat
@: no status effects
A: antennae 1, magic regeneration, demonic magic 2
a: no special abilities


You were on level 5 of the Dungeon.
You visited 1 branch of the dungeon, and saw 5 of its levels.

You collected 85 gold pieces.
You spent 72 gold pieces at shops.

Inventory:

Hand Weapons
 b - a +4 short sword of electrocution (weapon)
Missiles
 e - a throwing net
Armour
 a - a +1 robe (worn)
Jewellery
 c - an amulet of the acrobat (around neck)
Potions
 f - a potion of cancellation {unknown}
 h - a potion of resistance {unknown}


   Skills:
 * Level 2.0 Fighting
 * Level 2.0 Short Blades
 * Level 0.2 Throwing
 * Level 2.0 Armour
 * Level 2.6 Dodging
 * Level 3.8 Stealth
 * Level 3.6 Spellcasting
 * Level 0.2 Conjurations
 * Level 0.2 Summonings
 * Level 5.0 Ice Magic
 * Level 0.3 Air Magic
 * Level 0.2 Poison Magic


You had 4 spell levels left.
You knew the following spells:

 Your Spells              Type           Power      Damage    Failure   Level
a - Freeze                Ice            80%        1d9       1%          1
b - Frozen Ramparts       Ice            40%        1d7       6%          3
c - Call Imp              Summ           6%         N/A       22%         2
d - Mephitic Cloud        Conj/Pois/Air  3%         N/A       41%         3

Your spell library contained the following spells:

 Spells                   Type           Power      Damage    Failure   Level
 Ozocubu's Armour         Ice            20%        N/A       6%          3
 Ensorcelled Hibernation  Hex/Ice        22%        N/A       9%          2
 Magic Dart               Conj           12%        1d3       16%         1
 Hailstorm                Conj/Ice       12%        3d5       17%         3
 Passwall                 Tmut/Erth      2%         N/A       24%         2
 Swiftness                Air            4%         N/A       41%         3
 Summon Ice Beast         Ice/Summ       12%        N/A       50%         4


Dungeon Overview and Level Annotations

Branches:
Dungeon (5/15)
 Temple: D:4-7

Altars:

Shops:
D:4 [(   D:5 !


Innate Abilities, Weirdness & Mutations

You have a pair of small antennae on your head.
You regenerate magic rapidly.
Spells you cast may paralyse nearby enemies.


Message History

The ice beast completely resists.
The wall freezes the ice beast but does no damage.
The wall freezes the hound.
The helpless hound fails to defend itself.
You puncture the hound! Lightning courses through the hound!
You kill the hound!
The ice beast completely resists.
The wall freezes the ice beast but does no damage.
Your Fighting skill increases to level 2!
You hit the ice beast but do no damage.
The ice beast is lightly wounded.
The ice beast completely resists.
The wall freezes the ice beast but does no damage.
The ice beast hits you but does no damage.
You hit the ice beast.
The ice beast is moderately wounded.
The ice beast completely resists.
The wall freezes the ice beast but does no damage.
The ice beast hits you. The ice beast freezes you.
You hit the ice beast.
The ice beast is moderately wounded.
The wall freezes the ice beast but does no damage.
The ice beast hits you. The ice beast freezes you!
You closely miss the ice beast.
The ice beast is moderately wounded.
The ice beast completely resists.
The wall freezes the ice beast but does no damage.
The ice beast hits you. The ice beast freezes you!
You hit the ice beast.
The ice beast is moderately wounded.
The frozen ramparts melt away.
The ice beast barely misses you.
You feel better. The ice beast hits you. The ice beast freezes you!
* * * LOW HITPOINT WARNING * * *
Unknown command.
The air fills with toxic fumes!
As you read the scroll labelled DEONUD DAANEA, it crumbles to dust.
It was a scroll of poison.
The ice beast hits you.
* * * LOW HITPOINT WARNING * * *
The ice beast freezes you!
You die...

#§§ §§# #§##§§ #§#§§ #§#§#
####. §§§§#.# ..... #§§§#.#
....§######§§§#.#
....§§§§§§Y@§§#.#
....§§§§§§##§§#.# # ....
....§§§§§...§§#.#.# ...#
....§§§§...#§##.#.# ...+
....§§§....#§§....######## ...#
....§§....#####.###......#
...##########..........#.##.###
.............#######......#.#
.............# ###.#..#.#


You could see an ice beast.

Vanquished Creatures
  A phantom (D:5)
  A bullfrog (D:4)
  A scorpion (D:5)
  3 hounds
  2 jellies
  2 iguanas
  2 orc wizards
  9 gnolls
  10 adders
  An ufetubus (D:5)
  5 orcs
  5 endoplasms
  3 giant cockroaches
  3 goblins
  2 hobgoblins (D:4)
  6 kobolds
  2 quokkas
  5 ball pythons
  2 bats (D:3)
  2 rats
67 creatures vanquished.

Notes
Turn   | Place    | Note
-------+----------+-------------------------------------------
     0 | D:1      | ChrisAssaf the Demonspawn Ice Elementalist began the quest
                  | for the Orb.
     0 | D:1      | Reached XP level 1. HP: 13/13 MP: 3/3
   140 | D:1      | Gained mutation: You have a pair of small antennae on your
                  | head. [demonic ancestry]
   140 | D:1      | Reached XP level 2. HP: 19/19 MP: 0/5
   142 | D:1      | Reached skill level 4 in Ice Magic
   419 | D:3      | Gained mutation: Spells you cast may paralyse adjacent
                  | enemies. [demonic ancestry]
   419 | D:3      | Reached XP level 3. HP: 24/24 MP: 4/6
   423 | D:3      | Learned a level 3 spell: Frozen Ramparts
   551 | D:3      | Reached XP level 4. HP: 25/31 MP: 3/7
   639 | D:4      | Reached skill level 1 in Armour
   698 | D:4      | Reached skill level 1 in Short Blades
   776 | D:4      | Found Xacenlo's Armour Emporium.
   781 | D:4      | Found Daiduzen's Antique Weapon Emporium.
   839 | D:4      | Noticed a bullfrog
   846 | D:4      | Killed a bullfrog
   847 | D:4      | Reached skill level 1 in Fighting
   847 | D:4      | Reached XP level 5. HP: 29/37 MP: 5/9
  1346 | D:4      | Gained mutation: You regenerate magic rapidly. [demonic
                  | ancestry]
  1346 | D:4      | Reached XP level 6. HP: 25/43 MP: 6/10
  1703 | D:5      | Entered Level 5 of the Dungeon
  1703 | D:5      | Found Rebrugoi's Distillery.
  1706 | D:5      | Bought a potion of curing for 36 gold pieces
  1706 | D:5      | Bought a potion of curing for 36 gold pieces
  1706 | D:5      | Noticed an ice beast
  1852 | D:5      | Gained mutation: Spells you cast may paralyse nearby
                  | enemies. [demonic ancestry]
  1852 | D:5      | Reached XP level 7. HP: 24/49 MP: 8/12
  1948 | D:5      | Learned a level 2 spell: Call Imp
  1952 | D:5      | Learned a level 3 spell: Mephitic Cloud
  2071 | D:5      | Reached skill level 5 in Ice Magic
  2227 | D:5      | Slain by an ice beast

Illustrated notes

Levels and vault maps discovered:
D:1:      noname_arrival_rooms_in_the_neighbourhood, layout_basic
D:2:      layout_basic, st_stairs_2, nicolae_shop_vocational
D:3:      layout_rooms, serial_shops, nicolae_lakefront_shop,
          gammafunk_ghost_grave
D:4:      minmay_evil_eye, layout_gridville, nicolae_wooded_promenade, hex_tiny,
          nicolae_half_adder
D:5:      layout_basic, nicolae_stop_n_shop_2, hellmonk_bongcloud_opening,
          serial_bayou_pond_d, uniq_crazy_yiuf_cottage, uniq_eustachio,
          uniq_blork_the_orc

Skill      XL: |  1  2  3  4  5  6  7 |
---------------+----------------------+-----
Ice Magic      | 4 5 |  5.0
Stealth        | 2 3 |  3.8
Dodging        | 2 |  2.6
Armour         | 1 2 |  2.0
Short Blades   | 1 2 |  2.0
Fighting       | 1 2 |  2.0
Spellcasting   | 3 |  3.6
Throwing       | |  0.2
Conjurations   | |  0.2
Summonings     | |  0.2
Air Magic      | |  0.3
Poison Magic   | |  0.2

Action                     |  1- 3 |  4- 6 |  7- 9 || total
---------------------------+-------+-------+-------++-------
  Melee: Short sword       |    27 |    48 |    23 ||    98
         Punch             |     1 |       |       ||     1
   Cast: Freeze            |    18 |    17 |     2 ||    37
         Frozen Ramparts   |     2 |     6 |     7 ||    15
         Call Imp          |       |       |     2 ||     2
    Use: Potion            |     1 |     2 |     1 ||     4
         Scroll            |       |     8 |     1 ||     9
   Stab: Sleeping          |     1 |     1 |       ||     2
         Paralysed         |     1 |    14 |     8 ||    23
 Armour: Robe              |     6 |     9 |     5 ||    20
  Dodge: Dodged            |    23 |    40 |    18 ||    81
